 Dungeon Crawl Stone Soup version 0.21-a0-442-g848f44b (webtiles) character file.

83 tof the Twirler (level 4, -1/34 HPs)
             Began as a Demonspawn Gladiator on Nov 12, 2017.
             Slain by a gnoll
             ... wielding a +0 flail
              (2 damage)
             ... on level 2 of the Dungeon.
             The game lasted 00:03:17 (2309 turns).

tof the Twirler (Demonspawn Gladiator)              Turns: 2309, Time: 00:03:18

Health: -1/34      AC:  4    Str: 14    XL:     4   Next: 22%
Magic:  4/4        EV: 13    Int:  9    God:
Gold:   73         SH:  0    Dex: 16    Spells: 3/3 levels left

rFire    . . .     SeeInvis .   a - +0 quarterstaff
rCold    . . .     Gourm    .   (shield currently unavailable)
rNeg     . . .     Faith    .   b - +0 leather armour
rPois    .         Spirit   .   c - +0 helmet
rElec    .         Reflect  .   (no cloak)
rCorr    .         Harm     .   (no gloves)
MR       .....                  (no boots)
Stlth    +.........             (no amulet)
HPRegen  0.11/turn              (no ring)
MPRegen  0.09/turn              (no ring)

@: no status effects
A: rot immunity
a: no special abilities


You were on level 2 of the Dungeon.
You were not hungry.

You visited 1 branch of the dungeon, and saw 3 of its levels.

You collected 73 gold pieces.

Inventory:

Hand Weapons
 a - a +0 quarterstaff (weapon)
Missiles
 d - 3 throwing nets (quivered)
Armour
 b - a +0 leather armour (worn)
 c - a +0 helmet (worn)
Jewellery
 h - an uncursed ring of flight {unknown}
Scrolls
 e - a scroll of enchant armour {unknown}
 g - 3 scrolls of identify {unknown}
 i - a scroll of magic mapping {unknown}
Potions
 j - a potion of haste {unknown}
 k - 2 potions of lignification {unknown}
 l - a potion of heal wounds {unknown}
Comestibles
 f - 2 bread rations
 m - a royal jelly


   Skills:
 + Level 2.6 Fighting
 * Level 3.5 Staves
 - Level 1.7 Throwing
 + Level 1.3 Armour
 + Level 3.1 Dodging


You had 3 spell levels left.
You didn't know any spells.

Dungeon Overview and Level Annotations

Branches:
Dungeon (3/15)

Altars:


Innate Abilities, Weirdness & Mutations

You are immune to rotting.


Message History

The gnoll is moderately wounded.
The gnoll barely misses you. The gnoll closely misses you.
You sock the gnoll!
The gnoll is almost dead.
The gnoll barely misses you. x2
You completely miss the gnoll.
The gnoll is almost dead.
The gnoll hits you from afar with a spear of freezing.
* * * LOW HITPOINT WARNING * * *
The gnoll freezes you.
* * * LOW HITPOINT WARNING * * *
The gnoll barely misses you.
You barely miss the gnoll.
The gnoll is almost dead.
The gnoll hits you from afar with a spear of freezing.
* * * LOW HITPOINT WARNING * * *
The gnoll freezes you.
* * * LOW HITPOINT WARNING * * *
The gnoll hits you with a flail.
You die...

#..######...
#...>.......
#.########## #.# #.#
#.##### #.....#
###..
#####.########......
#.......@gg)...#
################


You could see 2 gnolls.

Vanquished Creatures
  3 adders
  A gnoll (D:2)
  A dart slug (D:2)
  2 leopard geckos
  A giant cockroach (D:3)
  4 goblins
  7 hobgoblins
  3 jackals (D:3)
  4 kobolds
  A quokka (D:2)
  7 bats
  A frilled lizard (D:1)
  6 rats
41 creatures vanquished.

Notes
Turn   | Place    | Note
-------+----------+-------------------------------------------
     0 | D:1      | tof the Demonspawn Gladiator began the quest for the Orb.
     0 | D:1      | Reached XP level 1. HP: 16/16 MP: 1/1
   337 | D:1      | Gained mutation: You are immune to rotting. [demonic ancestry]
   337 | D:1      | Reached XP level 2. HP: 22/22 MP: 2/2
  1511 | D:2      | Reached skill level 1 in Armour
  1511 | D:2      | Reached XP level 3. HP: 28/28 MP: 3/3
  1625 | D:2      | You fall through a shaft!
  2048 | D:3      | Reached XP level 4. HP: 34/34 MP: 4/4
  2309 | D:2      | HP: 1/34 [gnoll/spear of freezing (1)]
  2309 | D:2      | Slain by a gnoll

Vault maps used:
D:1:      saegor_arrival_miasma
D:2:      first_bread
D:3:      uniq_crazy_yiuf_cottage

Skill      XL: |  1  2 |
---------------+-------+-----
Staves         | 3 |  3.5
Armour         | 1 |  1.3
Dodging        | 3 |  3.1
Fighting       | |  2.6
Throwing       | |  1.7

Action                   |  1- 3 |  4- 6 || total
-------------------------+-------+-------++-------
Melee: Quarterstaff      |    98 |    27 ||   125
  Eat: Chunk             |     3 |     1 ||     4
Armor: Leather armour    |    29 |     1 ||    30
Dodge: Dodged            |    65 |    34 ||    99

Table legend:
 A = Spawn XP
 B = Non-spawn XP
 C = Spawn XP percentage of total XP
 D = Spawn monster count
 E = Non-spawn monster count
 F = Spawn count percentage of total count
 G = Total turns spent on level
                    A         B        C        D         E        F      G
               +---------+---------+-------+---------+---------+-------+---------
         Total |       0 |     119 |   0.0 |       0 |      41 |   0.0 |  2309
               +---------+---------+-------+---------+---------+-------+---------
           D:1 |       0 |      24 |   0.0 |       0 |      14 |   0.0 |  1130
           D:2 |       0 |      46 |   0.0 |       0 |      11 |   0.0 |   533
           D:3 |       0 |      49 |   0.0 |       0 |      16 |   0.0 |   646
               +---------+---------+-------+---------+---------+-------+---------
